Map: Dusk Towers

Players

MammouthQc - Winner!

  • Race: Terran Terran
  • League: Master

Miszu

  • Race: Protoss Protoss
  • League: Master

VOD

Have the link to the VOD?

Description

Time

  • Played on: June 27, 2016, 11:41 a.m.
  • Length: 4:24
Show
View Real Time Build Order
Export as new Build Order

MammouthQc Terran - Winner!

Build Orders: 1/1/1, Widow Mine Drop 

Get SALT Encoding   

  12  0:02  SCV  
  13  0:14  SCV  
  13  0:19  Supply Depot  
  14  0:25  Refinery  
  15  0:28  SCV  
  15  0:40  SCV  
  16  0:45  Barracks  
  16  0:52  SCV  
  17  1:04  SCV  
  17  1:07  Supply Depot  
  18  1:16  SCV  
  19  1:32  Marine  
  19  1:33  Orbital Command  
  19  1:36  Factory  
  20  1:50  Marine  
  21  2:00  SCV  
  22  2:08  Marine  
  22  2:12  SCV  
  24  2:19  Starport, Widow Mine  
  26  2:24  SCV  
  26  2:26  Supply Depot, Marine  
  28  2:36  SCV  
  29  2:44  Marine  
  30  2:48  Hellion, SCV  
  33  2:57  Medivac  
  35  3:05  Command Center  
  35  3:08  Supply Depot  
  35  3:09  Marine  
  36  3:13  Hellion  
  36  3:15  SCV  
  39  3:21  Refinery  
  39  3:30  Supply Depot, SCV  
  40  3:43  Barracks Tech Lab  
  40  3:46  SCV  
  44  3:57  Barracks  
  44  3:58  SCV  
  44  3:59  Barracks  
Show
View Real Time Build Order
Export as new Build Order

Miszu Protoss 

Build Orders: 1 Gate Expand 

Get SALT Encoding   

  12  0:00  Probe (Chrono Boost)  
  13  0:11  Probe (Chrono Boost)  
  14  0:16  Pylon  
  14  0:22  Probe (Chrono Boost)  
  15  0:35  Probe (Chrono Boost)  
  16  0:48  Gateway  
  16  0:49  Probe (Chrono Boost)  
  18  1:07  Nexus  
  17  1:12  Probe (Chrono Boost)  
  18  1:21  Assimilator  
  18  1:22  Probe (Chrono Boost)  
  19  1:36  Cybernetics Core  
  19  1:37  Pylon  
  19  1:42  Probe (Chrono Boost)  
  20  1:50  Assimilator  
  20  1:53  Probe (Chrono Boost)  
  21  2:03  Probe (Chrono Boost)  
  22  2:12  Stalker (Chrono Boost)  
  22  2:14  Probe  
  25  2:18  Probe  
  26  2:24  Warp Gate (Chrono Boost)  
  26  2:26  Probe  
  26  2:29  Probe  
  28  2:39  Mothership Core  
  28  2:42  Probe  
  31  2:47  Stalker (Chrono Boost)  
  33  2:52  Probe  
  34  3:00  Probe  
  35  3:07  Probe  
  35  3:08  Twilight Council  
  35  3:09  Nexus  
  36  3:17  Probe  
  36  3:19  Probe  
  37  3:20  Pylon  
  38  3:29  Probe  
  38  3:30  Probe  
  38  3:32  Gateway  
  40  3:37  Gateway  
  40  3:41  Probe x2  
  42  3:53  Probe x2  
  44  4:05  Pylon  
Tags
 
Add a new tag
Caveats
  • Supply blocks, unpowered buildings, or Contaminate may cause inaccurate times.
  • Supply counts are checked every 10 seconds.